 Dungeon Crawl Stone Soup version 0.30-a0-845-g7c6808c8ce (webtiles) character file.

Game seed: 2918797477501765325

974 lunkers the Cutter (level 8, -1/63 HPs)
             Began as a Meteoran Fighter on Mar 2, 2023.
             Was an Initiate of Uskayaw.
             Slain by an orc priest
             ... wielding a +0 whip
              (5 damage)
             ... on level 6 of the Dungeon.
             The game lasted 00:05:36 (2110 turns).

lunkers the Cutter (Meteoran Fighter)               Turns: 2110, Time: 00:05:36

Health: -1/63      AC: 12    Str: 17    XL:     8   Next: 66%
Magic:  10/13      EV: 10    Int: 10    God:    Uskayaw [......]
Gold:   113        SH:  5    Dex: 16    Spells: 7/7 levels left

rFire   + . .      SeeInvis .    b - +2 dagger (venom)
rCold   . . .      Faith    .    c - +0 buckler
rNeg    . . .      Spirit   .    p - +2 ring mail {rF+}
rPois   +          Reflect  .    g - +0 helmet
rElec   .          Rampage  .    s - +0 cloak
rCorr   .                        x - +0 pair of gloves
Will    ++...                    m - +0 pair of boots
Stlth   +                        (no amulet)
HPRegen 0.30/turn                k - ring of poison resistance
MPRegen 0.13/turn                e - ring of willpower

@: glowing
A: sense surroundings 1, otherworldly, glowing, explore regen
a: Renounce Religion


You were on level 6 of the Dungeon.
You worshipped Uskayaw.
Uskayaw was noncommittal.
You visited 1 branch of the dungeon, and saw 6 of its levels.

You collected 113 gold pieces.

Inventory:

Hand Weapons
 a - a +0 long sword
 b - a +2 dagger of venom (weapon)
Missiles
 z - a throwing net
Armour
 c - a +0 buckler (worn)
 g - a +0 helmet (worn)
 m - a +0 pair of boots (worn)
 p - a +2 ring mail of fire resistance (worn)
 s - a +0 cloak (worn)
 x - a +0 pair of gloves (worn)
Jewellery
 e - a ring of willpower (right hand)
 k - a ring of poison resistance (left hand)
Scrolls
 l - a scroll of immolation {unknown}
 q - a scroll of fear {unknown}
 t - 2 scrolls of fog {unknown}
 v - a scroll of vulnerability {unknown}
 y - a scroll of enchant weapon {unknown}
 A - a scroll of poison {unknown}
 B - a scroll of silence {unknown}
Potions
 d - a potion of might
 f - 2 potions of lignification
 h - 3 potions of curing
 i - 2 potions of brilliance
 j - 2 potions of ambrosia {unknown}
 n - a potion of degeneration {unknown}
 o - a potion of heal wounds {unknown}
 u - a potion of flight {unknown}
 w - a potion of magic {unknown}


   Skills:
 - Level 3.2 Fighting
 * Level 7.3(8.0) Short Blades
 - Level 5.1(7.3) Long Blades
 - Level 3.6 Armour
 - Level 3.6 Shields
 + Level 6.0 Invocations


You had 7 spell levels left.
You didn't know any spells.
Your spell library contained the following spells:

 Spells                   Type           Power      Damage    Failure   Level
 Blink                    Tloc           0%         N/A       80%         2
 Ensorcelled Hibernation  Hex/Ice        0%         N/A       80%         2
 Lesser Beckoning         Tloc           0%         N/A       80%         2
 Passwall                 Tmut/Erth      0%         N/A       80%         2
 Sublimation of Blood     Necr           0%         N/A       80%         2
 Gell's Gravitas          Tloc           0%         N/A       95%         3
 Swiftness                Air            0%         N/A       95%         3
 Teleport Other           Tloc           0%         N/A       95%         3
 Manifold Assault         Tloc           0%         N/A       100%        4
 Petrify                  Tmut/Erth      0%         N/A       100%        4
 Irradiate                Conj/Tmut      0%         3d11      100%        5
 Storm Form               Tmut/Air       0%         N/A       100%        7


Dungeon Overview and Level Annotations

Branches:
Dungeon (6/15) Zot: 1541
 Temple: D:4-7

Altars:
Gozag
Okawaru
Qazlal
Ru
Sif Muna
Trog
Uskayaw


Innate Abilities, Weirdness & Mutations

You passively map a small area around you.
You are easily found by Zot.
You glow in the dark.
You regain HP and MP as you explore.


Message History

The orc warrior attacks as you move away!
You block the orc warrior's attack. The orc warrior misses you.
You kill the orc warrior!
Training target 8.0 for Short Blades reached!
Your Invocations skill increases to level 6!
The orc priest invokes the aid of Beogh against you.
Beogh smites you!
* * * LOW HITPOINT WARNING * * *
The orc priest calls down the wrath of Beogh upon you.
Beogh smites you!
* * * LOW HITPOINT WARNING * * *
You hit the orc priest but do no damage.
The orc priest is poisoned.
The orc priest hits you but does no damage.
You closely miss the orc priest.
The orc priest is lightly wounded.
You hit the orc priest but do no damage.
The orc priest is lightly wounded.
The orc priest calls down the wrath of Beogh upon you.
Beogh smites you!
* * * LOW HITPOINT WARNING * * *
You barely miss the orc priest.
The orc priest is moderately wounded.
You block the orc priest's attack.
You barely miss the orc priest.
The orc priest is heavily wounded.
You stomp with the beat, sending a shockwave through the revellers around you!
The orc priest is severely wounded.
You can no longer stomp with the beat.
The orc priest barely misses you.
Unknown command.
Unknown command.
You hit the orc priest but do no damage.
The orc priest looks as sick as possible!
The orc priest is severely wounded.
The orc priest hits you but does no damage.
You barely miss the orc priest.
The orc priest is severely wounded.
The orc priest hits you with a +0 whip.
You die...

, ** * * * , ,* ,
, , , . , * * * *
* oo ,* , , *
*#.. ** ..,, ,
,...
#############.#**
** #.# *
#.......@oo...#
#.#
#.############# *
#.# #.# * #.# #.#
, ,, #.# #.# *
*,* #.# #)# #<#
#># * #.# #.# #.#
#.#


You could see an orc priest (extremely poisoned) and an orc.

Vanquished Creatures
  An orc warrior (D:6)
  An ogre (D:4)
  A kobold brigand (D:6)
  A gnoll sergeant (D:5)
  A scorpion (D:5)
  5 hounds
  2 jellies
  An orc priest (D:6)
  Jessica (D:3)
  3 iguanas
  An orc wizard (D:6)
  Robin (D:3)
  11 adders
  5 gnolls (D:5)
  A shadow imp (D:5)
  2 dart slugs
  9 orcs
  6 endoplasms
  11 goblins
  4 hobgoblins (D:3)
  5 jackals (D:1)
  2 quokkas
  2 ball pythons (D:4)
  5 bats
  3 frilled lizards
  11 kobolds
  3 rats
99 creatures vanquished.

Notes
Turn   | Place    | Note
-------+----------+-------------------------------------------
     0 | D:1      | lunkers the Meteoran Fighter began the quest for the Orb.
     0 | D:1      | Reached XP level 1. HP: 19/19 MP: 2/2
    38 | D:1      | Reached XP level 2. HP: 26/26 MP: 3/3
   129 | D:1      | Reached XP level 3. HP: 31/31 MP: 4/4
   361 | D:3      | Noticed Robin
   377 | D:3      | HP: 1/31 [goblin/+0 club[Robin] (5)]
   394 | D:3      | Reached XP level 4. HP: 23/38 MP: 5/5
   407 | D:3      | Reached skill level 5 in Long Blades
   494 | D:3      | Killed Robin
   495 | D:3      | Reached skill level 1 in Short Blades
   501 | D:3      | Reached XP level 5. HP: 40/45 MP: 6/6
   532 | D:3      | Noticed Jessica
   543 | D:3      | Killed Jessica
   544 | D:3      | Reached skill level 2 in Short Blades
   551 | D:3      | Found a bloodstained altar of Trog.
   557 | D:3      | Found an iron altar of Okawaru.
   563 | D:3      | Found an opulent altar of Gozag.
   564 | D:3      | Found a stormy altar of Qazlal.
   580 | D:3      | Found a hide-covered altar of Uskayaw.
   586 | D:3      | Became a worshipper of Uskayaw the Reveller
   630 | D:3      | Reached * piety under Uskayaw
   716 | D:3      | Reached skill level 3 in Short Blades
   716 | D:3      | Reached skill level 1 in Invocations
   741 | D:4      | Reached ** piety under Uskayaw
   744 | D:4      | Reached XP level 6. HP: 17/51 MP: 0/8
   855 | D:4      | Reached skill level 4 in Short Blades
   934 | D:4      | Found a shimmering blue altar of Sif Muna.
  1195 | D:4      | Reached XP level 7. HP: 57/57 MP: 10/10
  1234 | D:4      | Reached skill level 5 in Short Blades
  1372 | D:5      | Entered Level 5 of the Dungeon
  1718 | D:5      | Reached skill level 6 in Short Blades
  1718 | D:5      | Reached XP level 8. HP: 34/63 MP: 12/12
  1731 | D:5      | Reached *** piety under Uskayaw
  1866 | D:5      | Found a sacrificial altar of Ru.
  1902 | D:5      | Reached skill level 5 in Invocations
  2051 | D:6      | Reached skill level 7 in Short Blades
  2105 | D:6      | HP: 3/63 [orc priest/divine providence (10)]
  2110 | D:6      | Slain by an orc priest

Illustrated notes

Levels and vault maps discovered:
D:1:      lemuel_arrival_broad_hall, layout_basic, st_stairs_4,
          minmay_split_cup_small
D:2:      layout_rooms
D:3:      layout_basic, nicolae_overflow_hallway_of_the_gods,
          minmay_misc_feat_hallway, grunt_ministairs_8, uniq_jessica, uniq_robin
D:4:      layout_loops_corners, dreamdust_divine_triumvirate,
          nicolae_sif_muna_condensation
D:5:      layout_loops_ring, mainiacjoe_overflow_paths
D:6:      layout_loops_ring, nzn_hepliaklqana_mist_gate

Skill      XL: |  1  2  3  4  5  6  7  8 |
---------------+-------------------------+-----
Long Blades    | 3 4 5 |  5.1
Short Blades   | 1 3 4 6 7 |  7.3
Invocations    | 1 2 4 6 |  6.0
Fighting       | |  3.2
Armour         | |  3.6
Shields        | |  3.6

Action                     |  1- 3 |  4- 6 |  7- 9 || total
---------------------------+-------+-------+-------++-------
  Melee: Long sword        |    79 |    24 |       ||   103
         Dagger            |       |   123 |   173 ||   296
 Invoke: Stomp             |       |     2 |     1 ||     3
    Use: Scroll            |     4 |       |     3 ||     7
   Stab: Paralysed         |       |       |     1 ||     1
 Armour: Scale mail        |    72 |    27 |       ||    99
         Ring mail         |       |    25 |    50 ||    75
  Dodge: Dodged            |    55 |    51 |    40 ||   146
  Block: Buckler           |    32 |    26 |    19 ||    77

Table legend: (Time is in decaauts)
 A = Elapsed time spent in this place.
 B = Non-inter-level travel time spent in this place.
 C = Inter-level travel time spent in this place.
 D = Time resting spent in this place.
 E = Time spent auto-exploring this place.
 F = Levels seen in this place.
 G = Mean time per level.
                   A        B        C        D        E       F      G
               +--------+--------+--------+--------+--------+-----+--------+
         Total |   2058 |   1986 |     72 |      0 |   1225 |   6 |  343.0 |
       Dungeon |   2058 |   1986 |     72 |      0 |   1225 |   6 |  343.0 |
               +--------+--------+--------+--------+--------+-----+--------+

Top non-repeatable levels by time:
     D:4: 619 daAuts
     D:5: 596 daAuts
     D:3: 451 daAuts
     D:1: 155 daAuts
     D:2: 143 daAuts
     D:6: 92 daAuts
